Map: Shrines of Lizul

Players

TossYouUp

  • Race: Protoss Protoss
  • League: Diamond
  • Spawn Location: 9:00

Loinshloin

  • Race: Terran Terran
  • Spawn Location: 6:00

MonstroTown - Winner!

  • Race: Terran Terran
  • Spawn Location: 3:00

Michael - Winner!

  • Race: Zerg Zerg
  • Spawn Location: 12:00

VOD

Have the link to the VOD?

Description

Time

  • Played on: Sept. 1, 2018, 12:04 a.m.
  • Length: 5:55
Show
View Real Time Build Order
Export as new Build Order

TossYouUp Protoss 

Build Orders: 1 Gate Expand 

Get SALT Encoding   

  12  0:02  Probe  
  13  0:14  Probe  
  13  0:19  Pylon  
  14  0:26  Probe  
  15  0:36  Probe  
  15  0:40  Gateway  
  16  0:44  Probe  
  17  1:14  Nexus  
  17  1:16  Probe  
  18  1:27  Probe  
  18  1:29  Cybernetics Core  
  19  1:42  Zealot, Assimilator  
  21  1:54  Pylon  
  21  1:57  Pylon  
  21  2:04  Probe  
  22  2:21  Forge  
  22  2:22  Probe  
  22  2:23  Stalker  
  22  2:25  Probe  
  24  2:30  Probe  
  27  2:37  Probe  
  27  2:40  Probe  
  29  2:49  Probe  
  30  2:52  Probe  
  30  2:56  Photon Cannon  
  30  2:57  Gateway  
  31  3:01  Probe  
  31  3:04  Probe  
  31  3:19  Probe  
  32  3:20  Probe  
  33  3:29  Twilight Council  
  33  3:33  Probe x2  
  33  3:45  Warp Gate, Probe  
  34  3:53  Photon Cannon, Gateway  
  34  3:57  Stalker  
  34  3:59  Pylon  
  34  4:02  Probe x2  
  38  4:18  Zealot  
  38  4:21  Probe  
  41  4:27  Stalker  
  43  4:40  Zealot, Assimilator  
  43  4:42  Zealot  
  47  4:53  Probe  
  47  4:54  Probe  
  47  4:57  Zealot, Gateway  
  51  5:02  Nexus  
  47  5:11  Dark Shrine  
Show
View Real Time Build Order
Export as new Build Order

Loinshloin Terran 

Build Orders:  

Get SALT Encoding   

  12  0:01  SCV  
  13  0:18  SCV  
  13  0:19  Supply Depot  
  14  0:30  SCV  
  15  0:41  Barracks  
  15  0:43  SCV  
  16  0:52  Refinery  
  16  0:55  SCV  
  17  1:07  SCV  
  18  1:23  SCV  
  19  1:28  Marine  
  19  1:30  Supply Depot  
  20  1:37  Barracks  
  20  1:38  SCV  
  21  1:43  Barracks  
  21  1:47  Barracks Tech Lab  
  21  1:50  SCV  
  22  2:03  Orbital Command  
  22  2:15  Marine  
  23  2:16  Combat Shields, Supply Depot  
  23  2:28  SCV  
  24  2:32  Marine  
  24  2:34  Engineering Bay  
  24  2:36  Marine  
  26  2:45  SCV  
  26  2:48  Marine  
  28  2:51  Marine  
  29  3:05  Marine  
  30  3:07  SCV  
  31  3:14  Marine  
  31  3:15  Marine  
  31  3:19  SCV  
  34  3:22  Marine  
  34  3:26  Factory  
  35  3:32  Marine  
  35  3:33  Marine  
  37  3:42  Command Center  
  37  3:47  Marine  
  35  3:50  Marine x2  
  28  4:05  Marine  
  26  4:13  Marine  
  26  4:14  Marine  
  19  4:23  Marine  
  10  4:35  Orbital Command  
    5:03  SCV  
  1  5:15  SCV  
  2  5:27  SCV  
  3  5:39  SCV  
Show
View Real Time Build Order
Export as new Build Order

MonstroTown Terran - Winner!

Build Orders:  

Get SALT Encoding   

  12  0:01  SCV  
  13  0:13  SCV  
  14  0:18  Supply Depot  
  14  0:25  Refinery  
  14  0:29  SCV  
  15  0:41  SCV  
  16  0:48  Barracks  
  16  0:56  Refinery  
  16  1:06  SCV  
  17  1:18  SCV  
  18  1:31  SCV  
  19  1:35  Reaper  
  20  1:41  Factory  
  20  1:44  Orbital Command  
  20  2:02  Supply Depot  
  21  2:15  SCV  
  21  2:18  Barracks Reactor  
  21  2:22  Barracks Reactor  
  21  2:25  Factory Reactor  
  21  2:35  Barracks  
  19  2:46  Barracks  
  19  2:59  Marine x2  
  19  3:02  Cyclone  
  24  3:08  Cyclone  
  27  3:18  SCV  
  28  3:22  Marine  
  28  3:23  Supply Depot  
  29  3:30  Marine  
  30  3:46  Cyclone  
  31  4:10  Marine  
  31  4:11  Marine  
  31  4:12  Marine  
  31  4:13  Marine  
  31  4:14  Cyclone  
  38  4:31  Marine  
  38  4:37  Supply Depot  
  39  4:39  Supply Depot  
  39  4:58  Marine x3  
  42  5:06  Marine  
  42  5:11  Cyclone x2  
  48  5:16  Marine x2  
  48  5:21  SCV, Marine  
  52  5:33  SCV  
  52  5:42  Starport  
  52  5:44  Engineering Bay  
Show
View Real Time Build Order
Export as new Build Order

Michael Zerg - Winner!

Build Orders: Hatch First 

Get SALT Encoding   

  12  0:01  Drone  
  13  0:13  Overlord  
  13  0:18  Drone  
  14  0:31  Drone x2  
  14  0:35  Drone  
  17  0:45  Drone  
  18  0:59  Hatchery  
  18  1:01  Drone  
  18  1:06  Extractor  
  17  1:17  Spawning Pool  
  16  1:20  Drone  
  16  1:24  Drone  
  18  1:31  Drone  
  19  1:41  Drone  
  20  1:49  Overlord  
  20  2:04  Queen  
  20  2:08  Metabolic Boost  
  22  2:10  Queen  
  22  2:12  Zergling x2  
  25  2:16  Zergling x2  
  25  2:19  Zergling x2  
  27  2:24  Zergling x2  
  27  2:26  Zergling x2  
  29  2:32  Zergling x2  
  29  2:34  Zergling x2  
  31  2:43  Zergling x2  
  32  2:50  Zergling x2  
  32  3:03  Zergling x4  
  32  3:13  Drone x2  
  34  3:23  Drone x2  
  34  3:25  Overlord x3  
  28  3:56  Zergling x8  
  28  3:57  Zergling x2  
  28  4:02  Zergling x2  
  34  4:15  Lair  
  34  4:20  Extractor, Roach Warren, Drone, Evolution Chamber  
  34  4:21  Hatchery  
  30  4:42  Drone x7  
  30  4:44  Drone  
  38  5:01  Roach x4  
  46  5:13  Drone x3  
  49  5:38  Drone x6  
  57  5:45  Spore Crawler  
  57  5:46  Spore Crawler  
  57  5:49  Spore Crawler, Spine Crawler  
  53  5:50  Spine Crawler  
Tags
 
Add a new tag
Caveats
  • Supply blocks, unpowered buildings, or Contaminate may cause inaccurate times.
  • Supply counts are checked every 10 seconds.